 Dungeon Crawl Stone Soup version 0.18-a0-1300-g6e8322c (webtiles) character file.

10 namelastname112 the Caller (level 2, 6/23 HPs)
             Began as a Draconian Summoner on Feb 11, 2016.
             Quit the game on level 1 of the Dungeon.
             The game lasted 00:00:54 (339 turns).

namelastname112 the Caller (Draconian Summoner)      Turns: 339, Time: 00:00:55

Health: 6/23       AC:  4    Str: 10    XL:     2   Next: 10%
Magic:  3/5        EV: 12    Int: 15    God:
Gold:   46         SH:  0    Dex: 11    Spells: 2 memorised, 2 levels left

rFire  . . .     SeeInvis .     (no weapon)
rCold  . . .     Gourm    .     (armour unavailable)
rNeg   . . .     Faith    .     (no shield)
rPois  .         Spirit   .     (helmet restricted)
rElec  .         Dismiss  .     (no cloak)
rCorr  .         Reflect  .     (no gloves)
SustAt .         Harm     .     (no boots)
MR     .....                    (no amulet)
Stlth  ++........               (no ring)
                                (no ring)

@: lethally poisoned (6 -> -9), not resistant to hostile enchantments,
unstealthy
A: unfitting armour, cold-blooded, AC +4
a: no special abilities


You were on level 1 of the Dungeon.
You were not hungry.

You visited 1 branch of the dungeon, and saw 1 of its levels.

You collected 46 gold pieces.

Inventory:

Books
 a - a book of Callings

   Spells                             Type                      Level
   a - Summon Small Mammal            Summoning                    1
   b - Call Imp                       Summoning                    2
   c - Call Canine Familiar           Summoning                    3
   d - Summon Guardian Golem          Hexes/Summoning              3
   e - Summon Lightning Spire         Summoning/Air                4
   f - Summon Ice Beast               Ice/Summoning                4
Comestibles
 b - a bread ration


   Skills:
 + Level 1.3 Fighting
 + Level 2.1 Dodging
 - Level 1.7 Stealth
 - Level 2.0 Spellcasting
 - Level 4.0 Summonings


You had 2 spell levels left.
You knew the following spells:

 Your Spells              Type           Power        Failure   Level  Hunger
a - Summon Small Mammal   Summ           ##..         4%          1    #......
x - Call Imp              Summ           ##......     8%          2    ###....


Dungeon Overview and Level Annotations

Branches:
Dungeon (1/15)

Altars:


Innate Abilities, Weirdness & Mutations

Your plain brown scales are hard (AC +4).
Your body does not fit into most forms of armour.
You are cold-blooded and may be slowed by cold attacks.


Message History

You aren't carrying any potions.
You aren't carrying any potions.
You aren't carrying any potions.
You aren't carrying any potions.
You barely miss the giant cockroach.
The giant cockroach is moderately wounded.
You feel sick. The giant cockroach bites you.
Your crimson imp hits the giant newt.
The giant newt dies!
You hit the giant cockroach but do no damage.
The giant cockroach is moderately wounded.
You feel sick. The giant cockroach bites you.
* * * LOW HITPOINT WARNING * * *
Your crimson imp hits the kobold but does no damage.
You are alive.
You are lethally poisoned (6 -> -9).
Your movement speed is average.
Your attack speed is average.
You are not resistant to hostile enchantments.
You are unstealthy.
Unknown command.
Are you sure you want to abandon this character and quit the game? (Confirm with "yes".)

####### #.....#
#.....# #.....# ######
###.....##### .....#
#..........>### .....#
#.......KK.?...
.....###......K#######
###
#............5Ks@....#
#.#
#.....#..#.....#####.#
#.########
#.......##.....#
#.###.##......
#......#########
#...#.##......
#....#.#
#...#.#.......
#....#.#
#.............
####...#
#.#####.#......
##..###
#.......#......
##...####
###..#.###.#......


You could see a giant cockroach, 2 kobolds and a friendly crimson imp.

Vanquished Creatures
  A giant gecko (D:1)
  A bat (D:1)
  A goblin (D:1)
  2 jackals (D:1)
  A rat (D:1)
6 creatures vanquished.

Vanquished Creatures (collateral kills)
  A jackal (D:1)
  2 giant newts (D:1)
  A rat (D:1)
4 creatures vanquished.

Vanquished Creatures (others)
  4 toadstools (D:1)
4 creatures vanquished.

Grand Total: 14 creatures vanquished

Notes
Turn   | Place    | Note
--------------------------------------------------------------
     0 | D:1      | namelastname112 the Draconian Summoner began the quest for the Orb.
     0 | D:1      | Reached XP level 1. HP: 14/14 MP: 3/3
    85 | D:1      | Reached skill level 1 in Fighting
    87 | D:1      | Reached XP level 2. HP: 7/23 MP: 0/5
   305 | D:1      | Learned a level 2 spell: Call Imp
   339 | D:1      | Quit the game

Vault maps used:
D:1:      ldierk_walled_garden_2, minmay_misc_feat_encased

Action                   || total
-------------------------++-------
Melee: Unarmed           ||    31
 Cast: Summon Small Mamm ||     4
       Call Imp          ||     1
 Stab: Distracted        ||     1
